 Dungeon Crawl Stone Soup version 0.24-a0-342-gad4687c37d (webtiles) character file.

Game seed: 7698302862019344503

24586 JellyEater the Geomancer (level 13, -4/78 HPs)
             Began as a Gargoyle Earth Elementalist on May 21, 2019.
             Was an Elder of Vehumet.
             Slain by a deep elf knight
             ... wielding a +0 scimitar
              (8 damage)
             ... on level 13 of the Dungeon.
             The game lasted 00:58:45 (16309 turns).

JellyEater the Geomancer (GrEE)                    Turns: 16309, Time: 00:58:45

Health: -4/78      AC: 19    Str: 14    XL:     13   Next: 14%
Magic:  6/25       EV: 16    Int: 19    God:    Vehumet [****..]
Gold:   240        SH:  0    Dex: 10    Spells: 5/28 levels left

rFire    . . .     SeeInvis .   L - +7 great mace
rCold    . . .     Gourm    .   (shield currently unavailable)
rNeg     + . .     Faith    .   J - +1 robe of the Lair of Beasts {+Inv} (curse)
rPois    ∞         Spirit   .   (no helmet)
rElec    +         Reflect  .   E - +1 cloak
rCorr    .         Harm     .   (no gloves)
MR       .....                  p - +0 pair of boots
Stlth    ++........             (no amulet)
HPRegen  0.23/turn              x - +3 ring of protection
MPRegen  0.19/turn              C - ring of wizardry

@: hasted, very quick
A: talons 1, repulsion field 1, negative energy resistance 1, electricity
resistance, unbreathing, petrification resistance, rot immunity, AC +9
a: Renounce Religion, Evoke Invisibility


You were on level 13 of the Dungeon.
You worshipped Vehumet.
Vehumet was greatly pleased with you.
You were hungry.

You visited 2 branches of the dungeon, and saw 14 of its levels.

You collected 654 gold pieces.
You spent 414 gold pieces at shops.

Inventory:

Hand Weapons
 c - a +2 mace of protection
 h - a +5 dagger of venom
 D - a +0 flail
 G - a +2 short sword of venom
 H - a +3 scimitar of flaming
 L - a +7 great mace (weapon)
 M - a +0 morningstar
Missiles
 a - 4 poisoned darts
 b - 233 stones (quivered)
 g - 2 datura-tipped darts
 q - 9 curare-tipped darts
Armour
 p - a +0 pair of boots (worn)
 E - a +1 cloak (worn)
 J - the cursed +1 robe of the Lair of Beasts (worn) {+Inv}
   (You found it on level 12 of the Dungeon)

   It lets you turn invisible.
   It has a curse placed upon it.
Jewellery
 x - a +3 ring of protection (left hand)
 C - a ring of wizardry (right hand)
Wands
 j - a wand of flame (29)
 u - a wand of iceblast (2)
 y - a wand of scattershot (2)
 F - a wand of polymorph (23)
 I - a wand of random effects (12)
 K - a wand of paralysis (5)
 P - a wand of enslavement (7)
Scrolls
 e - 3 scrolls of fog
 o - 2 scrolls of amnesia
 s - 2 scrolls of remove curse
 t - a scroll of immolation
 B - 2 scrolls of blinking
Potions
 f - a potion of ambrosia {unknown}
 i - 4 potions of flight
 k - 2 potions of resistance
 l - 2 potions of brilliance
 m - a potion of might {unknown}
 n - 2 potions of lignification
 r - 3 potions of magic
 w - 2 potions of cancellation
 z - a potion of agility {unknown}
 A - 2 potions of curing
Comestibles
 d - 22 rations


   Skills:
 + Level 8.3 Fighting
 + Level 7.6 Maces & Flails
 - Level 6.0 Armour
 + Level 6.6 Dodging
 - Level 2.1 Stealth
 + Level 8.4 Spellcasting
 + Level 9.4 Conjurations
   Level 0.7 Transmutations
 + Level 11.2 Earth Magic
 - Level 6.0 Evocations


You had 5 spell levels left.
You knew the following spells:

 Your Spells              Type           Power        Failure   Level  Hunger
a - Sandblast             Erth           ######       1%          1    None
b - Stone Arrow           Conj/Erth      #####.       1%          3    None
c - Lee's Rapid Deconstr  Erth           ######....   1%          5    #####..
d - Mephitic Cloud        Conj/Pois/Air  ###.....     1%          3    None
e - Bolt of Magma         Conj/Fire/Erth ####......   1%          5    #####..
f - Iron Shot             Conj/Erth      #####.....   2%          6    ######.

Your spell library contained the following spells:

 Spells                   Type           Power        Failure   Level  Hunger
 Lightning Bolt           Conj/Air       ####......   4%          5    #####..
 Magic Dart               Conj           ####         1%          1    None
 Passwall                 Tmut/Erth      ####....     1%          2    None
 Searing Ray              Conj           #####.       1%          2    None
 Conjure Flame            Conj/Fire      ####....     1%          3    None
 Dazzling Spray           Conj/Hex       ####..       1%          3    None
 Force Lance              Conj/Tloc      ####....     1%          4    ###....
 Fulminant Prism          Conj/Hex       ####......   1%          4    ###....
 Iskenderun's Mystic Bla  Conj           #####...     1%          4    ###....
 Beastly Appendage        Tmut           ##....       2%          1    None
 Animate Skeleton         Necr           N/A          3%          1    None
 Pain                     Necr           #...         3%          1    None
 Petrify                  Tmut/Erth      ####....     3%          4    ###....
 Sticks to Snakes         Tmut           ##......     4%          2    None
 Iskenderun's Battlesphe  Conj/Chrm      ####....     4%          5    #####..
 Venom Bolt               Conj/Pois      ####......   4%          5    #####..
 Blink                    Tloc           N/A          5%          2    None
 Call Imp                 Summ           #.......     5%          2    None
 Slow                     Hex            #.......     5%          2    None
 Spider Form              Tmut/Pois      #.........   9%          3    None
 Regeneration             Chrm/Necr      #.........   11%         3    None
 Vampiric Draining        Necr           #.........   11%         3    None
 Ice Form                 Ice/Tmut       #.......     28%         4    ###....
 Animate Dead             Necr           N/A          32%         4    ###....
 Blade Hands              Tmut           ##........   56%         5    #####..
 Orb of Destruction       Conj           #####.....   16%         7    #######
 Spellforged Servitor     Conj/Summ      ####......   65%         7    #######


Dungeon Overview and Level Annotations

Branches:
Dungeon (13/15)            Temple (1/1) D:7            Lair (0/6) D:9
    Orc (0/2) D:9
 Vaults: D:13-14

Altars:
Ashenzari
Cheibriados
Dithmenos
Elyvilon
Fedhas
Gozag
Hepliaklqana
Makhleb
Nemelex Xobeh
Okawaru
Ru
Uskayaw
Vehumet
Xom
Yredelemnul
Zin
The Shining One
Beogh

Shops:
D:5 [*   D:10 !   D:13 :


Innate Abilities, Weirdness & Mutations

You are resistant to torment.
Your stone body is resilient. (AC +9)
You are immune to poison.
You resist negative energy. (rN+)
You are resistant to electric shocks. (rElec)
You can survive without breathing.
You are immune to petrification.
You are immune to rotting.
You have sharp toenails.
You are surrounded by a mild repulsion field. (EV +2)


Message History

You closely miss something. Something hits you!
You miss something. Something hits you!
You closely miss something. Something hits you but does no damage.
You miss something. Something hits you.
You closely miss something. Something hits you but does no damage.
You miss something.
You hear some strange, mumbled words.
A shard of ice appears from out of thin air!
The shard of ice hits you!!
* * * LOW HITPOINT WARNING * * *
Something barely misses you.
You completely miss something. Something hits you but does no damage.
You miss something. Something hits you.
* * * LOW HITPOINT WARNING * * *
You closely miss something. Something hits you.
* * * LOW HITPOINT WARNING * * *
You sock something! Something hits you!
* * * LOW HITPOINT WARNING * * *
You completely miss something. Something hits you!
You die...

#........$.......
##.###.#####.####
#.# #.# # #.#
#.#####.#
#.###.......#
#.##.........
#.##.########
#.##{# #.##@#
#.#######[..)#
#....<)[[).))#
###########..#
#..# #..# #..#
#... ##...


There were no monsters in sight!

Vanquished Creatures
  A centaur warrior (D:13)
  Erica (D:10)
  3 two-headed ogres
  A tengu warrior (D:8)
  Urug (D:10)
  Sonja (D:10)
  An unseen horror (D:10)
  2 ugly things
  An orc knight (D:12)
  3 cyclopes
  Maurice (D:9)
  An elephant (D:9)
  2 gargoyles
  An efreet (D:10)
  A queen bee (D:9)
  5 trolls
  4 slime creatures (D:12)
  3 hippogriffs
  17 yaks
  Sigmund (D:4)
  A vampire (D:11)
  A wraith (D:11)
  Grum (D:11)
  4 vampire mosquitoes (D:12)
  2 hungry ghosts
  A water moccasin (D:8)
  A sky beast (D:12)
  A black bear (D:8)
  12 orc warriors
  9 ice beasts
  10 ogres
  2 phantoms
  2 wolves (D:11)
  16 centaurs
  A necrophage (D:10)
  3 crocodiles
  5 bullfrogs
  2 scorpions
  24 killer bees
  5 howler monkeys
  3 crimson imps
  2 bullfrog zombies
  4 hounds
  4 centaur skeletons
  2 centaur zombies (D:12)
  11 orc priests
  5 jellies
  Ijyb (D:4)
  2 iguanas
  14 orc wizards
  8 worker ants
  3 hound zombies
  3 hound skeletons
  A howler monkey skeleton (D:6)
  2 worker ant zombies
  11 adders
  7 gnolls
  3 shadow imps
  3 adder skeletons
  4 worms
  3 dart slugs
  5 leopard geckos
  60 orcs
  5 bats
  4 giant cockroaches
  5 goblins
  7 hobgoblins
  3 jackals (D:2)
  6 kobolds
  8 quokkas
  A ball python (D:3)
  A ball python skeleton (D:4)
  3 frilled lizards
  3 goblin zombies (D:7)
  2 hobgoblin zombies (D:7)
  2 kobold skeletons (D:7)
  2 orc skeletons (D:7)
  An orc zombie (D:7)
  6 rats
  A bush (D:9)
375 creatures vanquished.

Vanquished Creatures (collateral kills)
  An orc wizard (D:10)
  4 orcs (D:4)
  A frilled lizard (D:4)
6 creatures vanquished.

Vanquished Creatures (others)
  An orc (D:13)
  A bush (D:9)
2 creatures vanquished.

Grand Total: 383 creatures vanquished

Notes
Turn   | Place    | Note
-------+----------+-------------------------------------------
     0 | D:1      | JellyEater the Gargoyle Earth Elementalist began the quest
                  | for the Orb.
     0 | D:1      | Reached XP level 1. HP: 10/10 MP: 3/3
   264 | D:1      | Reached XP level 2. HP: 15/15 MP: 5/5
   288 | D:1      | Reached skill level 4 in Earth Magic
  1510 | D:2      | Reached XP level 3. HP: 19/19 MP: 6/6
  1515 | D:2      | Learned a level 3 spell: Stone Arrow
  1901 | D:2      | Noticed a centaur
  1968 | D:2      | Killed a centaur
  1968 | D:2      | Reached skill level 5 in Earth Magic
  1968 | D:2      | Reached XP level 4. HP: 24/24 MP: 0/8
  1968 | D:2      | Reached XP level 5. HP: 28/28 MP: 0/9
  1985 | D:2      | Learned a level 5 spell: Lee's Rapid Deconstruction
  2219 | D:2      | Found a hide-covered altar of Uskayaw.
  2687 | D:3      | Found a snail-covered altar of Cheibriados.
  3173 | D:4      | Reached XP level 6. HP: 28/32 MP: 11/11
  3341 | D:4      | Found an opulent altar of Gozag.
  3430 | D:4      | Reached skill level 6 in Earth Magic
  3590 | D:4      | Noticed Sigmund
  3594 | D:4      | Killed Sigmund
  3594 | D:4      | Reached XP level 7. HP: 36/36 MP: 9/13
  3648 | D:4      | Noticed Ijyb
  3653 | D:4      | Killed Ijyb
  4150 | D:4      | Found a sacrificial altar of Ru.
  4491 | D:5      | Entered Level 5 of the Dungeon
  4491 | D:5      | Found Newett's Antique Armour Boutique.
  4682 | D:5      | Reached skill level 1 in Fighting
  4682 | D:5      | Reached skill level 1 in Maces & Flails
  4682 | D:5      | Reached skill level 1 in Armour
  4791 | D:5      | Reached skill level 1 in Evocations
  4873 | D:5      | Found a shadowy altar of Dithmenos.
  4964 | D:5      | Reached XP level 8. HP: 43/43 MP: 15/15
  4969 | D:5      | Found Locs's Assorted Antiques.
  5013 | D:5      | Bought a viscous pink potion for 19 gold pieces
  5013 | D:5      | Bought a scroll labeled REXZOGI RUIJAO for 22 gold pieces
  5013 | D:5      | Bought 3 scrolls labeled JOVVUU JULE for 66 gold pieces
  5013 | D:5      | Bought a metallic cyan potion for 19 gold pieces
  5392 | D:5      | Found a glowing silver altar of Zin.
  5671 | D:6      | Reached skill level 7 in Earth Magic
  5864 | D:6      | Found a blossoming altar of Fedhas.
  5881 | D:6      | Reached skill level 5 in Spellcasting
  6290 | D:6      | Reached skill level 5 in Conjurations
  6366 | D:6      | Found a burning altar of Makhleb.
  6630 | D:6      | Reached XP level 9. HP: 42/49 MP: 12/16
  6754 | D:7      | Found a glowing golden altar of the Shining One.
  6976 | D:7      | Found a staircase to the Ecumenical Temple.
  6985 | Temple   | Entered the Ecumenical Temple
  6990 | Temple   | Became a worshipper of Vehumet
  7703 | D:8      | Reached skill level 8 in Earth Magic
  8038 | D:8      | Noticed a tengu warrior
  8042 | D:8      | Killed a tengu warrior
  8042 | D:8      | Reached XP level 10. HP: 58/58 MP: 11/18
  8277 | D:9      | Reached * piety under Vehumet
  8277 | D:9      | Offered knowledge of Magic Dart by Vehumet.
  8679 | D:9      | Found a staircase to the Lair.
  8710 | D:9      | Noticed Maurice
  8727 | D:9      | Reached skill level 5 in Armour
  8731 | D:9      | Killed Maurice
  8731 | D:9      | Reached skill level 5 in Fighting
  8892 | D:9      | Noticed an elephant
  8898 | D:9      | Killed an elephant
  9086 | D:9      | Reached skill level 9 in Earth Magic
  9648 | D:9      | Found a white marble altar of Elyvilon.
  9687 | D:9      | Reached XP level 11. HP: 60/64 MP: 20/20
  9690 | D:9      | Reached skill level 5 in Maces & Flails
  9730 | D:9      | Found a staircase to the Orcish Mines.
 10027 | D:9      | Found a shattered altar of Ashenzari.
 10391 | D:10     | Entered Level 10 of the Dungeon
 10414 | D:10     | Killed an unseen horror
 10523 | D:10     | Noticed Sonja
 10546 | D:10     | Killed Sonja
 10581 | D:10     | Reached ** piety under Vehumet
 10590 | D:10     | Offered knowledge of Searing Ray by Vehumet.
 11467 | D:10     | Noticed Erica
 11485 | D:10     | Killed Erica
 11485 | D:10     | Reached skill level 5 in Dodging
 11485 | D:10     | Reached skill level 5 in Evocations
 11560 | D:10     | Found Serigyf's Distillery.
 11566 | D:10     | Bought a potion of magic for 96 gold pieces
 11566 | D:10     | Bought a potion of invisibility for 96 gold pieces
 11566 | D:10     | Bought a potion of mutation for 96 gold pieces
 11566 | D:10     | Gained mutation: You are surrounded by a mild repulsion
                  | field. (EV +2) [potion of mutation]
 11566 | D:10     | Gained mutation: You have sharp toenails. [potion of
                  | mutation]
 12042 | D:11     | Noticed Urug
 12091 | D:11     | Noticed Grum
 12199 | D:10     | Killed Urug
 12276 | D:11     | Killed Grum
 12386 | D:11     | Offered knowledge of Inner Flame by Vehumet.
 12444 | D:11     | Reached skill level 10 in Earth Magic
 12639 | D:11     | Found a blossoming altar of Fedhas.
 12672 | D:11     | Reached XP level 12. HP: 53/71 MP: 14/22
 12674 | D:11     | Reached *** piety under Vehumet
 12706 | D:11     | HP: 2/71 [something (6)]
 13302 | D:11     | Learned a level 3 spell: Mephitic Cloud
 13402 | D:11     | Offered knowledge of Throw Icicle by Vehumet.
 13801 | D:12     | Got a transparent robe
 13812 | D:12     | Identified the cursed +1 robe of the Lair of Beasts {+Inv}
                  | (You found it on level 12 of the Dungeon)
 13948 | D:12     | Learned a level 5 spell: Bolt of Magma
 14047 | D:12     | Learned a level 6 spell: Iron Shot
 14336 | D:12     | Noticed a two-headed ogre
 14340 | D:12     | Killed a two-headed ogre
 14558 | D:12     | Noticed a two-headed ogre
 14570 | D:12     | Killed a two-headed ogre
 14855 | D:12     | Reached **** piety under Vehumet
 15033 | D:12     | Offered knowledge of Lightning Bolt by Vehumet.
 15089 | D:12     | Found a roughly hewn altar of Beogh.
 15871 | D:13     | Noticed a centaur warrior
 15882 | D:13     | Killed a centaur warrior
 15882 | D:13     | Reached skill level 11 in Earth Magic
 15882 | D:13     | Reached XP level 13. HP: 70/78 MP: 5/25
 16008 | D:13     | Found Avuuhug's Book Emporium.
 16309 | D:13     | Slain by a deep elf knight

Levels and vault maps discovered:
D:1:      dpeg_arrival_long_road, layout_loops_ring, hangedman_glass_teeth,
          minmay_misc_feat_tiny, minmay_crystal_room,
          chequers_serial_rivers_marsh
D:2:      layout_basic, nicolae_overflow_hidden_temple
D:3:      layout_loops_cross, cheibriados_altar_1, first_ration, hex_tiny
D:4:      layout_layer_cave, nicolae_ru_the_path_less_chosen,
          grunt_gozag_statues, uniq_ijyb, uniq_sigmund
D:5:      layout_loops_cross, overflow_temple_1_default,
          nicolae_dithmenos_shadow_blocks, serial_shops, shop, shop_fountains
D:6:      layout_basic, fedhas_ov_isle_minmay, bloody_makhleb
D:7:      layout_rooms, nicolae_tso_besieged_by_evil, minmay_temple_entry_arrows
D:8:      layout_rooms, uniq_joseph
D:9:      layout_basic, kennysheep_little_box, david_lair_generic,
          serial_rivers, chequers_serial_rivers_micro_a,
          chequers_serial_rivers_micro_e, chequers_serial_rivers_small_a,
          chequers_serial_rivers_large_a, chequers_serial_rivers_micro_a,
          basic_altar, dk_vineyard_1, david_nohive_1, minmay_hedge_maze,
          hangedman_decor_riveting, uniq_maurice
D:10:     layout_irregular_city, serial_shops, shop, uniq_erica, uniq_sonja
D:11:     layout_loops_ring, basic_altar, uniq_urug, uniq_grum
D:12:     layout_roguey, special_room [special_room_orc], minmay_quadrilaterals
D:13:     minmay_glassy_protrusions, layout_loops_ring, serial_shops,
          nicolae_shop_statue_plus
Temple:   cyrus_circular_temple

Skill      XL: |  1  2  3  4  5  6  7  8  9 10 11 12 |
---------------+-------------------------------------+-----
Earth Magic    | 4 5 6 7 8 9 10 11 | 11.2
Spellcasting   | 3 4 5 6 7 8 |  8.4
Conjurations   | 2 4 5 6 8 9 |  9.4
Fighting       | 1 2 4 5 6 8 |  8.3
Maces & Flails | 1 2 4 6 7 |  7.6
Armour         | 1 2 4 5 6 |  6.0
Dodging        | 2 3 4 5 6 |  6.6
Evocations     | 1 2 3 4 5 6 |  6.0
Stealth        | |  2.1
Transmutations | |  0.7

Action                   |  1- 3 |  4- 6 |  7- 9 | 10-12 | 13-15 || total
-------------------------+-------+-------+-------+-------+-------++-------
Melee: Club              |   135 |    36 |       |       |       ||   171
       Unarmed           |     1 |       |       |       |       ||     1
       Dagger            |       |    60 |   272 |   402 |       ||   734
       Kick              |       |       |       |    31 |       ||    31
       Mace              |       |       |       |   115 |       ||   115
       Great mace        |       |       |       |     4 |    37 ||    41
Throw: Dart              |       |     4 |     1 |    16 |       ||    21
 Cast: Sandblast         |    13 |    12 |    42 |   147 |       ||   214
       Lee's Rapid Decon |       |     1 |    12 |    36 |     3 ||    52
       Stone Arrow       |       |       |     4 |     7 |     1 ||    12
       Iron Shot         |       |       |       |    12 |     8 ||    20
       Mephitic Cloud    |       |       |       |     5 |       ||     5
       Bolt of Magma     |       |       |       |     4 |     5 ||     9
 Abil: Evoke Invisibilit |       |       |       |       |     1 ||     1
Evoke: Wand              |       |       |     8 |    24 |     2 ||    34
  Use: Scroll            |     6 |     4 |     8 |    12 |       ||    30
       Potion            |     1 |       |       |     6 |     3 ||    10
 Stab: Sleeping          |     3 |     5 |     2 |     4 |       ||    14
       Distracted        |     1 |       |       |       |       ||     1
       Paralysed         |       |       |       |    19 |       ||    19
       Invisible         |       |       |       |     2 |     1 ||     3
       Confused          |       |       |       |     2 |       ||     2
  Eat: Chunk             |     4 |     5 |    19 |    24 |     4 ||    56
       Ration            |       |       |       |     5 |     1 ||     6
Armor: Robe              |    80 |    29 |   116 |   253 |    20 ||   498
       Skin              |     7 |       |       |       |       ||     7
Dodge: Dodged            |   119 |    53 |   189 |   470 |    25 ||   856

Table legend:
 A = Non-vault XP
 B = Vault XP
 C = Vault XP percentage of total XP
 D = Non-vault monster count
 E = Vault monster count
 F = Vault count percentage of total count
                 A         B        C        D         E       F
            +---------+---------+-------+---------+---------+-------
      Total |   25648 |    9475 |  27.0 |     316 |      64 |  16.8
            +---------+---------+-------+---------+---------+-------
        D:1 |      25 |       0 |   0.0 |      14 |       0 |   0.0
        D:2 |     161 |       0 |   0.0 |      25 |       0 |   0.0
        D:3 |      65 |       0 |   0.0 |      10 |       0 |   0.0
        D:4 |     334 |     248 |  42.6 |      24 |       2 |   7.7
        D:5 |     531 |       0 |   0.0 |      20 |       0 |   0.0
        D:6 |    1060 |       0 |   0.0 |      24 |       0 |   0.0
        D:7 |     710 |      60 |   7.8 |      18 |      11 |  37.9
        D:8 |    2430 |       0 |   0.0 |      22 |       0 |   0.0
        D:9 |    1402 |    2593 |  64.9 |      34 |      20 |  37.0
       D:10 |    3594 |    2572 |  41.7 |      30 |       3 |   9.1
       D:11 |    5999 |     423 |   6.6 |      49 |       3 |   5.8
       D:12 |    4744 |    3579 |  43.0 |      27 |      25 |  48.1
       D:13 |    4593 |       0 |   0.0 |      19 |       0 |   0.0
            +---------+---------+-------+---------+---------+-------
